 Dungeon Crawl Stone Soup version 0.30.0-29-ga12c61a403 (webtiles) character file.

Game seed: 7297753483813906105

65898 Graphine the Spry (level 15, -24/126 HPs)
             Began as a Merfolk Monk on June 16, 2023.
             Was the Champion of Lugonu.
             Annihilated by a rockslime (38 damage)
             ... on level 2 of the Pits of Slime.
             The game lasted 00:57:29 (18022 turns).

Graphine the Spry (Merfolk Monk)                   Turns: 18022, Time: 00:57:29

Health: -24/126    AC:  9    Str: 12    XL:     15   Next: 18%
Magic:  0/33       EV: 29    Int: 13    God:    Lugonu [******]
Gold:   1140       SH:  5    Dex: 29    Spells: 4/26 levels left

rFire   . . .        P - +3 scimitar (flame)
rCold   . . .        y - +0 buckler
rNeg    . . .        W - +2 robe {Archmagi}
rPois   .            b - +1 helmet {Int+3}
rElec   .            (no cloak)
rCorr   .            u - +2 pair of gloves
SInv    .            (no boots)
Will    +....        z - amulet of guardian spirit
Stlth   ++           h - ring of magical power
HPRegen 0.41/turn    k - +6 ring of dexterity
MPRegen 0.23/turn

%: guardian spirit, archmagi
@: studying Summonings
A: (nimble swimmer 2), mertail, mutation resistance 1
a: Renounce Religion, Depart the Abyss, Banish, Corrupt, Enter the Abyss, Brand
Weapon With Distortion


You were on level 2 of the Pits of Slime.
You worshipped Lugonu.
Lugonu was exalted by your worship.
You visited 3 branches of the dungeon, and saw 17 of its levels.
You also visited: Volcano.

You collected 1140 gold pieces.

Inventory:

Hand Weapons
 i - a +0 antimagic short sword
 o - the +8 dagger "Orb Guardian's Bane" {freeze, rPois rN+}
   (You found it on level 3 of the Dungeon)

   rPois:     It protects you from poison.
   rN:        It protects you from negative energy.
 K - a +1 long sword
 N - the +8 short sword of Dickihod {freeze, Int+2}
   (You found it on level 8 of the Dungeon)

   Int:       It affects your intelligence (+2).
 P - a +3 scimitar of flaming (weapon)
Missiles
 f - a boomerang of dispersal (quivered)
 s - 3 atropa-tipped darts
 E - 2 curare-tipped darts
Armour
 b - a +1 helmet of intelligence (worn)
 u - a +2 pair of gloves (worn)
 y - a +0 buckler (worn)
 F - the +2 leather armour of the Crypt {rPois Dex+4 Stlth+}
   (You found it on level 7 of the Dungeon)

   Dex:       It affects your dexterity (+4).
   rPois:     It protects you from poison.
   Stlth:     It makes you more stealthy.
 W - a +2 robe of the Archmagi (worn)
Jewellery
 h - a ring of magical power (left hand)
 k - a +6 ring of dexterity (right hand)
 p - a ring of magical power
 z - an amulet of guardian spirit (around neck)
 A - a ring of resist corrosion
 G - a ring of see invisible
 M - an amulet of faith
 U - the amulet of Xuummal Cugo {Faith rPois rC- SInv}
   (You found it on level 5 of the Lair of Beasts)

   [amulet of faith]

   It allows you to gain divine favour quickly.
   rC:        It makes you vulnerable to cold.
   rPois:     It protects you from poison.
   SInv:      It lets you see invisible.
 Y - an amulet of reflection
Wands
 g - a wand of roots (5)
 j - a wand of digging (5)
 l - a wand of polymorph (9)
 H - a wand of flame (18)
 L - a wand of quicksilver (1)
Scrolls
 a - a scroll of fear
 q - a scroll of torment
 t - a scroll of vulnerability
 v - 2 scrolls of silence
 D - a scroll of amnesia
 I - a scroll of identify
 J - 4 scrolls of teleportation
 O - a scroll of blinking
 Q - 3 scrolls of magic mapping
 X - a scroll of summoning
Potions
 c - 3 potions of attraction
 e - 5 potions of mutation
 m - 3 potions of curing
 n - 5 potions of cancellation
 r - 6 potions of invisibility
 w - a potion of might
 B - a potion of haste
 C - 5 potions of degeneration
 Z - 3 potions of ambrosia
Miscellaneous
 d - a box of beasts
 R - a phial of floods
 S - a piece from Xom's chessboard (15/15)


   Skills:
 * Level 14.1 Fighting
 - Level 14.0 Long Blades
 * Level 16.5 Dodging
 + Level 6.2 Spellcasting
 + Level 9.8 Summonings
 + Level 9.7 Invocations
 + Level 7.1 Evocations


You had 4 spell levels left.
You knew the following spells:

 Your Spells              Type           Power      Damage    Failure   Level
a - Call Canine Familiar  Summ           44%        N/A       1%          3
b - Summon Guardian Gole  Hex/Summ       25%        N/A       10%         3
c - Summon Mana Viper     Hex/Summ       25%        N/A       65%         5
d - Summon Forest         Summ/Tloc      12%        N/A       65%         5
e - Summon Cactus Giant   Summ           22%        N/A       54%         6

Your spell library contained the following spells:

 Spells                   Type           Power      Damage    Failure   Level
 Summon Small Mammal      Summ           100%       N/A       1%          1
 Blink                    Tloc           12%        N/A       36%         2
 Portal Projectile        Hex/Tloc       12%        N/A       58%         3
 Tukima's Dance           Hex            6%         N/A       58%         3
 Volatile Blastmotes      Fire/Tloc      12%        2d11      58%         3
 Fulminant Prism          Conj/Hex       3%         3d5       94%         4
 Iskenderun's Mystic Bla  Conj/Tloc      6%         2d4       94%         4
 Leda's Liquefaction      Hex/Erth       3%         N/A       94%         4
 Manifold Assault         Tloc           6%         N/A       94%         4
 Blade Hands              Tmut           3%         N/A       100%        5
 Lee's Rapid Deconstruct  Erth           3%         3d5*      100%        5
 Statue Form              Tmut/Erth      4%         N/A       100%        6
 Storm Form               Tmut/Air       3%         N/A       100%        7


Dungeon Overview and Level Annotations

Branches:
Dungeon (10/15)            Temple (0/1) D:7            Lair (5/5) D:10
  Swamp (0/4) Lair:2        Snake (0/4) Lair:3        Slime (2/5) Lair:5
    Orc (0/2) D:9         Volcano (visited)

Altars:
Cheibriados
Elyvilon
Fedhas
Sif Muna
Wu Jian
Xom
Lugonu

Shops:
D:2 =   D:4 *

Annotations:
D:10 corrupted


Innate Abilities, Weirdness & Mutations

((You are very nimble when in or above water. (Stealth+, EV+, Speed+++)))
Your lower body shifts to a powerful aquatic tail in water.
You are somewhat resistant to further mutation.


Message History

The slime creature attacks as you move away!
The slime creature misses you.
An azure jelly and a rockslime come into view.
The rockslime quivers.
The quicksilver ooze completely misses you.
The quicksilver ooze barely misses you. The quicksilver ooze misses you.
The quicksilver ooze closely misses you.
Really walk into that cloud of flame?
You slip free of the ooze engulfing you.
You are engulfed in blazing flames.
The quicksilver ooze attacks as you move away!
The quicksilver ooze completely misses you.
The quicksilver ooze closely misses you.
The quicksilver ooze is engulfed in blazing flames. x2
The quicksilver ooze misses you.
You block the quicksilver ooze's attack.
You slice the azure jelly!! You burn the azure jelly!!
The azure jelly is heavily wounded.
The quicksilver ooze is engulfed in blazing flames.
The quicksilver ooze dies!
Lugonu accepts your kill.
The slime creature is engulfed in blazing flames.
The slime creature completely misses you.
You slice the slime creature!! You burn the slime creature.
You kill the slime creature!
Lugonu accepts your kill. The rockslime hits you!!
* * * LOW HITPOINT WARNING * * *
You stumble backwards!
A slime creature comes into view. x2
The slime creature quivers.
You feel much better.
You are engulfed in blazing flames.
* * * LOW HITPOINT WARNING * * *
The rockslime hits you!
* * * LOW HITPOINT WARNING * * *
You hold your ground!
The azure jelly completely misses you. x2
The azure jelly hits you.
* * * LOW HITPOINT WARNING * * *
The azure jelly completely misses you. The rockslime hits you!!!
You die...

## #########.## #
..##..#.......##.##
.........☼○.>......
....J..J<.@J.......
...J....○§§J<......
.......#^.....>....
........#..........
..##.....#......#..
# ##....#......# .
###.....##.##
#....## ## ##.###


You could see an azure jelly, 3 slime creatures and a rockslime.

Vanquished Creatures
  An acid blob (Slime:2)
  Kirke (Lair:3)
  A quicksilver ooze (Slime:1)
  3 hydras
  A merfolk avatar (Lair:5)
  Erica (D:10)
  3 death yaks (D:10)
  A fire crab (Volcano)
  A sea snake (Lair:5)
  2 skysharks (Lair:5)
  Pikel (D:6)
  A harpy (Lair:5)
  A manticore (Lair:5)
  8 black mambas
  11 elephants
  15 cane toads
  3 komodo dragons (Lair:5)
  An unseen horror (D:10)
  5 rime drakes
  A hornet (Lair:5)
  A tyrant leech (Lair:2)
  23 blink frogs
  8 dream sheep
  A snapping turtle (Lair:5)
  9 slime creatures
  A wraith (D:6)
  A wyvern (Lair:5)
  A basilisk (Lair:1)
  The ghost of Henri the Sneak, an amateur VSEn of Wu Jian (D:4)
  Eustachio (D:6)
  8 fire bats (Volcano)
  3 golden eyes (Slime:1)
  A hog (Lair:3)
  3 steam dragons
  28 yaks
  2 swamp worms (Lair:2)
  2 acid dragons
  2 nagas (Lair:3)
  15 water moccasins
  A hell hound (Volcano)
  2 orc warriors
  A nameless horror (Lair:3)
  2 ice beasts
  2 ogres (D:5)
  A black bear (D:4)
  5 wolves (Lair:5)
  A lemure (D:6)
  A phantom (D:5)
  2 kobold brigands
  10 bullfrogs
  4 scorpions
  2 gnoll sergeants
  6 killer bees (D:8)
  A howler monkey (D:8)
  2 electric eels
  5 lava snakes (Volcano)
  2 hounds
  11 orc priests
  5 jellies
  3 gnoll boudas
  4 iguanas
  Terence (D:3)
  11 orc wizards
  9 hell rats
  17 gnolls
  9 adders
  2 shadow imps
  3 white imps
  3 worms
  2 dart slugs
  39 orcs
  5 endoplasms
  6 giant cockroaches
  9 goblins
  6 hobgoblins
  3 jackals (D:3)
  4 quokkas
  5 ball pythons
  5 bats
  3 frilled lizards
  16 kobolds
  4 rats
408 creatures vanquished.

Vanquished Creatures (collateral kills)
  The ghost of SharpKris the Skirmisher, a journeyman GnHu of Elyvilon (Lair:5)
  An elephant (Lair:5)
  A dream sheep (Lair:5)
  3 slime creatures (Slime:1)
  A lava snake (Volcano)
  2 jellies (Lair:5)
9 creatures vanquished.

Vanquished Creatures (others)
  A quicksilver ooze (Slime:2)
  Josephine (D:10)
  Fannar (D:10)
  Sonja (D:10)
  A manticore (Lair:5)
  A polar bear (Lair:5)
  2 dream sheep (Lair:5)
  3 yaks (Lair:5)
  4 wraiths (D:10)
  A golden eye (Slime:1)
  A water moccasin (Lair:5)
  An orc priest (D:10)
  A hell rat (D:10)
  A river rat (D:10)
  2 orcs (D:10)
  A rat (D:10)
  6 starspawn tentacles (D:10)
29 creatures vanquished.

Grand Total: 446 creatures vanquished

Notes
Turn   | Place    | Note
-------+----------+-------------------------------------------
     0 | D:1      | Graphine the Merfolk Monk began the quest for the Orb.
     0 | D:1      | Reached XP level 1. HP: 18/18 MP: 1/1
   129 | D:1      | Reached XP level 2. HP: 24/24 MP: 2/2
   611 | D:2      | Reached XP level 3. HP: 30/30 MP: 3/3
   638 | D:2      | Found Ruuwke's Jewellery Shop.
   861 | D:2      | Found a snail-covered altar of Cheibriados.
  1039 | D:2      | Found a faded altar of an unknown god.
  1042 | D:2      | Prayed at the altar of an unknown god.
  1042 | D:2      | Became a worshipper of Lugonu the Unformed
  1042 | D:2      | Reached * piety under Lugonu
  1042 | D:2      | Reached ** piety under Lugonu
  1403 | D:3      | Reached *** piety under Lugonu
  1572 | D:3      | Reached XP level 4. HP: 37/37 MP: 4/4
  1691 | D:3      | Identified the +8 dagger "Orb Guardian's Bane" {freeze,
                  | rPois rN+}
  1884 | D:3      | Noticed Terence
  1887 | D:3      | Killed Terence
  1888 | D:3      | Reached skill level 5 in Dodging
  2034 | D:3      | Found a snail-covered altar of Cheibriados.
  2254 | D:3      | Identified a scroll of acquirement
  2254 | D:3      | Acquired a manual of Summonings
  2288 | D:4      | Reached skill level 1 in Invocations
  2288 | D:4      | Reached XP level 5. HP: 40/43 MP: 5/5
  2463 | D:4      | Reached skill level 5 in Long Blades
  2536 | D:4      | Noticed a black bear
  2538 | D:4      | Found Cossaf's Mass Market.
  2539 | D:4      | Noticed Henri's ghost (amateur VSEn)
  2562 | D:4      | Found a transporter.
  2565 | D:4      | Found a transporter.
  2711 | D:4      | Reached **** piety under Lugonu
  2719 | D:4      | Killed a black bear
  2720 | D:4      | Reached skill level 5 in Fighting
  2720 | D:4      | Reached XP level 6. HP: 51/51 MP: 7/7
  2725 | D:4      | Killed Henri's ghost
  2726 | D:4      | Reached skill level 6 in Dodging
  2726 | D:4      | Reached XP level 7. HP: 56/56 MP: 8/8
  2858 | D:5      | Entered Level 5 of the Dungeon
  3253 | D:5      | Found a blossoming altar of Fedhas.
  3273 | D:5      | Reached skill level 7 in Dodging
  3422 | D:5      | Reached XP level 8. HP: 56/64 MP: 10/10
  3483 | D:5      | Found a shimmering altar of Xom.
  3799 | D:5      | Reached skill level 8 in Dodging
  4955 | D:6      | Reached XP level 9. HP: 69/72 MP: 12/12
  5097 | D:6      | Noticed Pikel
  5146 | D:6      | Killed Pikel
  5147 | D:6      | Reached skill level 9 in Dodging
  5267 | D:6      | Reached ***** piety under Lugonu
  5772 | D:6      | Noticed Eustachio
  5775 | D:6      | Killed Eustachio
  5839 | D:7      | Reached skill level 5 in Invocations
  5920 | D:7      | Reached skill level 10 in Dodging
  6070 | D:7      | Found a white marble altar of Elyvilon.
  6275 | D:7      | Found a staircase to the Ecumenical Temple.
  6277 | D:7      | Identified the +2 leather armour of the Crypt {rPois Dex+4
                  | Stlth+}
  6629 | D:8      | Reached XP level 10. HP: 82/82 MP: 14/14
  7494 | D:8      | Reached skill level 10 in Long Blades
  7495 | D:8      | Reached skill level 1 in Evocations
  7498 | D:8      | Reached skill level 11 in Dodging
  7606 | D:8      | Identified the +8 short sword of Dickihod {freeze, Int+2}
  7950 | D:8      | Gained mutation: You are somewhat resistant to further
                  | mutation. [potion of mutation]
  7952 | D:9      | Found an ornate altar of the Wu Jian Council.
  8059 | D:9      | Found a staircase to the Orcish Mines.
  8348 | D:9      | Found a shimmering blue altar of Sif Muna.
  8769 | D:10     | Entered Level 10 of the Dungeon
  8784 | D:10     | Found a staircase to the Lair.
  8784 | D:10     | Noticed a death yak
  8785 | D:10     | Noticed a death yak
  8785 | D:10     | Noticed a death yak
  8793 | D:10     | Noticed Josephine
  8804 | D:10     | Corrupted D:10
  8804 | D:10     | Noticed a lich
  8804 | D:10     | Noticed a tentacled starspawn
  8804 | D:10     | Noticed a tentacled starspawn
  8804 | D:10     | Noticed a tentacled monstrosity
  8804 | D:10     | Noticed a large abomination
  8804 | D:10     | Noticed a reaper
  8804 | D:10     | Noticed a starcursed mass
  8804 | D:10     | Noticed an Executioner
  8807 | D:10     | Noticed a starcursed mass
  8807 | D:10     | Killed Josephine
  8813 | D:10     | Noticed a starcursed mass
  8813 | D:10     | Noticed a smoke demon
  8849 | D:10     | Noticed Fannar
  8851 | D:10     | Killed Fannar
  8856 | D:10     | Killed Sonja
  8962 | D:10     | Noticed an unseen horror
  9008 | D:10     | Learned a level 3 spell: Call Canine Familiar
  9176 | D:10     | Killed a death yak
  9177 | D:10     | Reached skill level 1 in Summonings
  9192 | D:10     | Killed a death yak
  9193 | D:10     | Reached skill level 1 in Spellcasting
  9203 | D:10     | Killed a death yak
  9204 | D:10     | Reached skill level 10 in Fighting
  9204 | D:10     | Reached XP level 11. HP: 51/90 MP: 6/15
  9665 | D:10     | Noticed Erica
  9690 | D:10     | Killed Erica
  9691 | D:10     | Reached skill level 12 in Dodging
  9930 | Lair:1   | Entered Level 1 of the Lair of Beasts
 11237 | Lair:2   | Reached XP level 12. HP: 100/100 MP: 17/17
 11247 | Lair:2   | Reached skill level 13 in Dodging
 11281 | Lair:2   | Reached skill level 5 in Summonings
 11482 | Lair:2   | Learned a level 3 spell: Summon Guardian Golem
 12249 | Lair:2   | Noticed a five-headed hydra
 12249 | Lair:2   | Noticed a seven-headed hydra
 12259 | Lair:2   | Killed a four-headed hydra
 12263 | Lair:2   | Killed a one-headed hydra
 12415 | Lair:2   | Found a staircase to the Swamp.
 12721 | Lair:3   | Noticed Kirke
 12733 | Lair:3   | Killed Kirke
 13092 | Lair:3   | Found a staircase to the Snake Pit.
 13212 | Lair:3   | Reached skill level 14 in Dodging
 13814 | Lair:4   | Reached skill level 5 in Evocations
 14067 | Lair:4   | Found a dark tunnel.
 14072 | Volcano  | Entered a volcano
 14175 | Volcano  | Reached XP level 13. HP: 103/108 MP: 19/19
 14348 | Volcano  | HP: 3/162 [lava snake/glob of lava (8)]
 14802 | Volcano  | Found a burning altar of Makhleb.
 14907 | Volcano  | Reached skill level 5 in Spellcasting
 14907 | Volcano  | Reached XP level 14. HP: 116/116 MP: 21/21
 15068 | Lair:4   | Reached skill level 15 in Dodging
 15501 | Lair:5   | Entered Level 5 of the Lair of Beasts
 15841 | Lair:5   | Reached ****** piety under Lugonu
 15907 | Lair:5   | HP: 3/118 [yak (9)]
 16439 | Lair:5   | Reached skill level 16 in Dodging
 16602 | Lair:5   | Found a runed translucent door.
 16602 | Lair:5   | Noticed SharpKris's ghost (journeyman GnHu)
 16621 | Lair:5   | Killed SharpKris's ghost
 16623 | Lair:5   | Identified the +1 spear of Niunetod {antimagic, Str+2}
 16624 | Lair:5   | Identified the amulet of Xuummal Cugo {Faith rPois rC-
                  | SInv}
 17126 | Lair:5   | Found a staircase to the Slime Pits.
 17136 | Lair:5   | Reached XP level 15. HP: 121/125 MP: 24/24
 17296 | Lair:5   | Acquired a book of the Wilderness
 17304 | Lair:5   | Learned a level 5 spell: Summon Mana Viper
 17310 | Lair:5   | Learned a level 5 spell: Summon Forest
 17317 | Lair:5   | Learned a level 6 spell: Summon Cactus Giant
 17319 | Slime:1  | Entered Level 1 of the Pits of Slime
 17681 | Slime:2  | Noticed an acid blob
 17688 | Slime:2  | Killed an acid blob
 18017 | Slime:2  | Noticed an azure jelly
 18017 | Slime:2  | Noticed a rockslime
 18022 | Slime:2  | Annihilated by a rockslime

Illustrated notes

Levels and vault maps discovered:
D:1:      tarquinn_simple_flora_water_e, layout_rooms
D:2:      minmay_alternating_diamond, layout_loops_ring, serial_shops,
          nicolae_shop_tiny_real_fake_doors, basic_altar,
          hellmonk_ecumenical_altar_inner_sanctum
D:3:      layout_basic, old_standard_altar, minmay_misc_feat_rows, uniq_terence
D:4:      layout_rooms, gammafunk_ghost_arena, minmay_shop_mass, minmay_unequal
D:5:      layout_layer_cave, fedhas_altar_3, tgw_xom
D:6:      layout_loops_ring, serial_bayou_ford_a, nicolae_grassy_gnolls,
          uniq_eustachio, uniq_pikel
D:7:      layout_loops_ring, lemuel_doored_altar, temple_green,
          due_unseen_surprise
D:8:      layout_layer_cave
D:9:      layout_gridville, mainiacjoe_overflow_boulevard, lemuel_blue_sif_altar
D:10:     layout_long_grid, dpeg_lair_monsters, uniq_sonja, uniq_fannar,
          uniq_josephine, uniq_erica
Lair:1:   layout_layer_cave
Lair:2:   layout_chaotic_city, palyth_hydra_swamp_entry, serial_bayou_shore_b
Lair:3:   layout_cave_pods, guppyfry_snake_entry_island, uniq_kirke
Lair:4:   layout_small_grid, enter_volcano_4
Lair:5:   gammafunk_lair_ancient_temple, layout_gridlike,
          nicolae_slime_entry_field_trip, gammafunk_ghost_grave,
          dreamdust_gnoll_shepherd, serial_bayou_shore_a
Slime:1:  layout_caves
Slime:2:  layout_caves, cheibrodos_slime_lost_civilization_4

Skill      XL: |  1  2  3  4  5  6  7  8  9 10 11 12 13 14 15 |
---------------+----------------------------------------------+-----
Long Blades    | 4 5 6 8 9 10 11 13 14 | 14.0
Fighting       | 4 5 6 7 8 10 11 12 13 14 | 14.1
Dodging        | 5 6 7 8 10 11 12 14 16 | 16.5
Invocations    | 1 2 3 4 5 6 7 8 9 |  9.7
Evocations     | 2 3 5 6 7 |  7.1
Summonings     | 2 4 6 7 9 |  9.8
Spellcasting   | 1 3 4 5 6 |  6.2

Action                     |  1- 3 |  4- 6 |  7- 9 | 10-12 | 13-15 || total
---------------------------+-------+-------+-------+-------+-------++-------
  Melee: Falchion          |    57 |       |       |       |       ||    57
         Hand axe          |    30 |     8 |       |       |       ||    38
         Dagger            |       |    71 |   351 |   136 |    62 ||   620
         Tailslap          |       |       |     1 |     4 |    30 ||    35
         Short sword       |       |       |       |    68 |       ||    68
         Scimitar          |       |       |       |   303 |   371 ||   674
   Cast: Call Canine Famil |       |       |       |     5 |    14 ||    19
         Summon Guardian G |       |       |       |     2 |    14 ||    16
         Summon Forest     |       |       |       |       |     1 ||     1
 Invoke: Corrupt           |       |       |       |     1 |       ||     1
         Banish            |       |       |       |       |     1 ||     1
  Evoke: Wand              |       |       |       |    19 |     1 ||    20
    Use: Scroll            |     4 |     5 |     7 |    14 |     3 ||    33
         Potion            |       |     1 |     4 |    11 |    10 ||    26
   Stab: Sleeping          |       |       |     3 |     4 |     1 ||     8
         Invisible         |       |       |       |     6 |       ||     6
         Distracted        |       |       |       |     1 |     4 ||     5
 Armour: Robe              |     3 |       |    14 |    13 |    46 ||    76
         Leather armour    |    18 |    12 |    28 |    63 |       ||   121
  Dodge: Dodged            |    56 |    51 |   269 |   550 |   567 ||  1493
  Block: Buckler           |       |       |    17 |   123 |   127 ||   267
